 Dungeon Crawl Stone Soup version 0.21-a0-404-g291f19a (webtiles) character file.

483 Dysjunc the Twirler (level 7, -2/56 HPs)
             Began as a Gnoll Wanderer on Oct 31, 2017.
             Was a Follower of Okawaru.
             Slain by an orc priest
             ... wielding a +0 dagger
              (4 damage)
             ... on level 4 of the Dungeon.
             The game lasted 00:14:22 (3731 turns).

Dysjunc the Twirler (Gnoll Wanderer)                Turns: 3731, Time: 00:14:22

Health: -2/56      AC:  7    Str: 12    XL:     7   Next: 12%
Magic:  10/10      EV: 11    Int: 17    God:    Okawaru [*.....]
Gold:   128        SH:  0    Dex: 19    Spells: 10/10 levels left

rFire    . . .     SeeInvis .   j - +4 falchion (elec)
rCold    . . .     Gourm    .   (no shield)
rNeg     + . .     Faith    .   I - +0 scale mail
rPois    .         Spirit   .   E - +0 helmet
rElec    .         Reflect  .   (no cloak)
rCorr    .         Harm     .   (no gloves)
MR       .....                  (no boots)
Stlth    +.........             (no amulet)
HPRegen  0.18/turn              r - ring of positive energy
MPRegen  0.12/turn              v - +3 ring of dexterity

@: about to teleport
A: distributed training, fangs 1, strong nose
a: Heroism, Renounce Religion


You were on level 4 of the Dungeon.
You worshipped Okawaru.
Okawaru was aware of your devotion.
You were not hungry.

You visited 1 branch of the dungeon, and saw 4 of its levels.

You collected 154 gold pieces.
You spent 26 gold pieces at shops.

Inventory:

Hand Weapons
 a - a +2 spear
 i - a +1 dagger of venom
 j - a +4 falchion of electrocution (weapon)
 n - a +0 whip
 q - a +3 dagger of draining
 w - a +0 blowgun
 D - a +0 hunting sling
Missiles
 e - 4 needles of frenzy
 k - 49 arrows
 o - 19 sling bullets
 y - 19 poisoned needles
 B - 142 stones (quivered)
 C - 8 curare-tipped needles
 G - 2 javelins
Armour
 d - a +0 robe
 m - a +1 naga barding
 x - a +1 ring mail
 E - a +0 helmet (worn)
 I - a +0 scale mail (worn)
 K - a +0 chain mail
Jewellery
 r - a ring of positive energy (left hand)
 v - a +3 ring of dexterity (right hand)
Wands
 F - a wand of random effects (37/48)
 H - a wand of digging (1/24)
Scrolls
 b - a scroll of teleportation
 g - a scroll of remove curse
 s - a scroll of enchant weapon
 u - a scroll of fog {unknown}
 z - 3 scrolls of immolation {unknown}
 A - 3 scrolls of identify
 L - a scroll of fear {unknown}
Potions
 c - 4 potions of curing
 l - a potion of degeneration {unknown}
 p - 2 potions of flight {unknown}
 t - 3 potions of heal wounds {unknown}
 M - a potion of lignification {unknown}
Comestibles
 f - 4 bread rations
 h - a chunk of flesh
 J - 3 meat rations


   Skills:
 + Level 5.1 Fighting
 + Level 2.2 Short Blades
 + Level 2.2 Long Blades
 + Level 2.2 Axes
 + Level 2.2 Maces & Flails
 + Level 5.1 Polearms
 + Level 5.1 Staves
 + Level 2.2 Slings
 + Level 2.2 Bows
 + Level 2.2 Crossbows
 + Level 3.4 Throwing
 + Level 2.2 Armour
 + Level 3.4 Dodging
 + Level 3.3 Stealth
 + Level 3.4 Shields
 + Level 2.2 Unarmed Combat
 + Level 2.2 Spellcasting
 + Level 1.8 Conjurations
 + Level 1.8 Hexes
 + Level 1.8 Charms
 + Level 1.8 Summonings
 + Level 1.8 Necromancy
 + Level 1.8 Translocations
 + Level 1.8 Transmutations
 + Level 1.8 Fire Magic
 + Level 1.8 Ice Magic
 + Level 1.8 Air Magic
 + Level 1.8 Earth Magic
 + Level 1.8 Poison Magic
 + Level 2.5 Invocations
 + Level 2.2 Evocations


You had 10 spell levels left.
You didn't know any spells.

Dungeon Overview and Level Annotations

Branches:
Dungeon (4/15)             Temple (0/1) D:4

Altars:
Ashenzari
Elyvilon
Makhleb
Okawaru
The Shining One

Shops:
D:4 ?


Innate Abilities, Weirdness & Mutations

Your experience applies equally to all skills.
You have very sharp teeth.
Your uncanny sense of smell can sniff out nearby items.


Message History

The orc priest is heavily wounded.
The orc priest hits you but does no damage.
The orc hits you.
The orc priest calls down the wrath of Beogh upon you.
Beogh smites you!
The orc priest casts a cantrip, but nothing happens.
You slash the orc! Lightning courses through the orc!
You kill the orc!
Okawaru accepts your kill.
The orc priest mumbles some strange prayers to Beogh against you.
Beogh smites you!
* * * LOW HITPOINT WARNING * * *
The orc priest calls down the wrath of Beogh upon you.
Beogh smites you!
* * * LOW HITPOINT WARNING * * *
You see here a chain mail.
Okay, then.
As you read the scroll of teleportation, it crumbles to dust.
You feel strangely unstable. The orc priest hits you with a dagger.
You die...

## # .##
###.. ..##...
#.... #o)#
#@# ##.#
####..#
###..#.##
##......#
##.......#
##.......##
##.........#
##..........#


You could see an orc priest.

Vanquished Creatures
  2 centaur skeletons (D:4)
  A hound (D:4)
  2 orc wizards (D:4)
  Natasha (thrice) (D:2)
  Terence (D:3)
  Ijyb (D:3)
  A worker ant (D:4)
  Robin (D:3)
  3 gnolls (D:3)
  4 adders
  3 oozes
  An adder skeleton (D:4)
  3 worms
  A dart slug (D:2)
  A leopard gecko (D:2)
  12 orcs
  9 bats
  2 giant cockroaches
  12 goblins
  7 hobgoblins
  2 jackals (D:3)
  11 kobolds
  A quokka (D:4)
  3 rats
87 creatures vanquished.

Notes
Turn   | Place    | Note
-------+----------+-------------------------------------------
     0 | D:1      | Dysjunc the Gnoll Wanderer began the quest for the Orb.
     0 | D:1      | Dysjunc set off with: a +2 spear, a scroll of teleportation, a potion of curing, a +0 robe, a bread ration
     0 | D:1      | Reached XP level 1. HP: 20/20 MP: 1/1
   154 | D:1      | Reached XP level 2. HP: 24/26 MP: 2/2
   556 | D:2      | Reached XP level 3. HP: 26/31 MP: 3/3
   598 | D:2      | Found a white marble altar of Elyvilon.
   598 | D:2      | Found a glowing golden altar of the Shining One.
   866 | D:2      | Reached skill level 1 in Invocations
   903 | D:2      | Found a shattered altar of Ashenzari.
   903 | D:2      | Found an iron altar of Okawaru.
   933 | D:2      | Reached skill level 1 in Short Blades
   933 | D:2      | Reached skill level 1 in Long Blades
   933 | D:2      | Reached skill level 1 in Axes
   933 | D:2      | Reached skill level 1 in Maces & Flails
   933 | D:2      | Reached skill level 1 in Slings
   933 | D:2      | Reached skill level 1 in Bows
   933 | D:2      | Reached skill level 1 in Crossbows
   933 | D:2      | Reached skill level 1 in Armour
   933 | D:2      | Reached skill level 1 in Unarmed Combat
   933 | D:2      | Reached skill level 1 in Spellcasting
   933 | D:2      | Reached skill level 1 in Evocations
   938 | D:2      | Reached XP level 4. HP: 38/38 MP: 5/5
  1052 | D:2      | Became a worshipper of Warmaster Okawaru
  1131 | D:2      | Noticed Natasha
  1142 | D:2      | Killed Natasha
  1277 | D:2      | Reached skill level 1 in Conjurations
  1277 | D:2      | Reached skill level 1 in Hexes
  1277 | D:2      | Reached skill level 1 in Charms
  1277 | D:2      | Reached skill level 1 in Summonings
  1277 | D:2      | Reached skill level 1 in Necromancy
  1277 | D:2      | Reached skill level 1 in Translocations
  1277 | D:2      | Reached skill level 1 in Transmutations
  1277 | D:2      | Reached skill level 1 in Fire Magic
  1277 | D:2      | Reached skill level 1 in Ice Magic
  1277 | D:2      | Reached skill level 1 in Air Magic
  1277 | D:2      | Reached skill level 1 in Earth Magic
  1277 | D:2      | Reached skill level 1 in Poison Magic
  1315 | D:2      | Found a faded altar of an unknown god.
  1424 | D:2      | Noticed Natasha
  1470 | D:2      | Killed Natasha
  1470 | D:2      | Reached XP level 5. HP: 31/43 MP: 6/6
  1619 | D:2      | Noticed Natasha
  1634 | D:2      | Killed Natasha
  1910 | D:3      | Noticed Robin
  1969 | D:3      | Killed Robin
  2599 | D:3      | Found a burning altar of Makhleb.
  2605 | D:3      | Noticed Ijyb
  2613 | D:3      | Killed Ijyb
  2624 | D:3      | Noticed Terence
  2639 | D:3      | Killed Terence
  2639 | D:3      | Reached XP level 6. HP: 44/50 MP: 8/8
  3170 | D:4      | Reached * piety under Okawaru
  3170 | D:4      | Reached skill level 5 in Fighting
  3170 | D:4      | Reached skill level 5 in Polearms
  3170 | D:4      | Reached skill level 5 in Staves
  3395 | D:4      | Found Louro's Magic Scroll Boutique.
  3406 | D:4      | Bought a scroll of identify for 26 gold pieces
  3662 | D:4      | Found a staircase to the Ecumenical Temple.
  3719 | D:4      | Reached XP level 7. HP: 47/56 MP: 10/10
  3730 | D:4      | HP: 2/56 [orc priest/divine providence (14)]
  3731 | D:4      | Slain by an orc priest

Vault maps used:
D:1:      minmay_arrival_shoal_huts
D:2:      gammafunk_temple_overflow_statue, okawaru_metal_pillars_1_2,
          lemuel_round_altar, chequers_ecumenical_altar_simple, uniq_natasha
D:3:      lemuel_doored_altar, first_bread, uniq_terence, uniq_robin, uniq_ijyb
D:4:      minmay_temple_entry_mist, serial_shops,
          nicolae_shop_competitors_out_of_business

Skill      XL: |  1  2  3  4  5  6 |
---------------+-------------------+-----
Invocations    | 1 2 |  2.5
Short Blades   | 1 2 |  2.2
Long Blades    | 1 2 |  2.2
Axes           | 1 2 |  2.2
Maces & Flails | 1 2 |  2.2
Slings         | 1 2 |  2.2
Bows           | 1 2 |  2.2
Crossbows      | 1 2 |  2.2
Armour         | 1 2 |  2.2
Unarmed Combat | 1 2 |  2.2
Spellcasting   | 1 2 |  2.2
Evocations     | 1 2 |  2.2
Conjurations   | 1 |  1.8
Hexes          | 1 |  1.8
Charms         | 1 |  1.8
Summonings     | 1 |  1.8
Necromancy     | 1 |  1.8
Translocations | 1 |  1.8
Transmutations | 1 |  1.8
Fire Magic     | 1 |  1.8
Ice Magic      | 1 |  1.8
Air Magic      | 1 |  1.8
Earth Magic    | 1 |  1.8
Poison Magic   | 1 |  1.8
Throwing       | 3 |  3.4
Dodging        | 3 |  3.4
Shields        | 3 |  3.4
Stealth        | 3 |  3.3
Fighting       | 5 |  5.1
Polearms       | 5 |  5.1
Staves         | 5 |  5.1

Action                   |  1- 3 |  4- 6 |  7- 9 || total
-------------------------+-------+-------+-------++-------
Melee: Spear             |    66 |    97 |       ||   163
       Dagger            |     6 |       |       ||     6
       Bite              |     4 |    27 |       ||    31
       Falchion          |       |    88 |     9 ||    97
Throw: Stone             |       |     4 |       ||     4
  Use: Scroll            |       |     4 |     1 ||     5
 Stab: Sleeping          |     1 |     7 |       ||     8
  Eat: Chunk             |       |     9 |       ||     9
Armor: Robe              |     7 |       |       ||     7
       Ring mail         |     7 |    28 |       ||    35
       Scale mail        |       |    18 |     2 ||    20
Dodge: Dodged            |    29 |   100 |     5 ||   134
       Rpst.: Falchion   |       |    27 |       ||    27

Table legend:
 A = Spawn XP
 B = Non-spawn XP
 C = Spawn XP percentage of total XP
 D = Spawn monster count
 E = Non-spawn monster count
 F = Spawn count percentage of total count
 G = Total turns spent on level
                    A         B        C        D         E        F      G
               +---------+---------+-------+---------+---------+-------+---------
         Total |       0 |     690 |   0.0 |       0 |      87 |   0.0 |  3731
               +---------+---------+-------+---------+---------+-------+---------
           D:1 |       0 |      27 |   0.0 |       0 |      13 |   0.0 |   534
           D:2 |       0 |     185 |   0.0 |       0 |      23 |   0.0 |  1352
           D:3 |       0 |     190 |   0.0 |       0 |      34 |   0.0 |  1351
           D:4 |       0 |     288 |   0.0 |       0 |      17 |   0.0 |   494
               +---------+---------+-------+---------+---------+-------+---------
